 Dungeon Crawl Stone Soup version 0.26.0-10-g1f06aea511 (webtiles) character file.

Game seed: 10076209606639004523

94 Borgoz the Slasher (level 4, -1/37 HPs)
             Began as a Ghoul Gladiator on Jan 15, 2021.
             Slain by an orc wizard
             ... wielding a +0 dagger
              (2 damage)
             ... on level 4 of the Dungeon.
             The game lasted 00:02:10 (1491 turns).

Borgoz the Slasher (Ghoul Gladiator)                Turns: 1491, Time: 00:02:10

Health: -1/37      AC:  6    Str: 17    XL:     4   Next: 63%
Magic:  3/3        EV: 12    Int:  3    God:
Gold:   124        SH:  0    Dex: 11    Spells: 3/3 levels left

rFire    . . .     SeeInvis .   a - +0 long sword
rCold    + . .     Faith    .   (no shield)
rNeg     + + +     Spirit   .   i - +0 ring mail
rPois    ∞         Reflect  .   c - +0 helmet
rElec    .         Harm     .   (no cloak)
rCorr    .         Rampage  .   (no gloves)
Will     .....                  (no boots)
Stlth    +.........             (no amulet)
HPRegen  0.00/turn              (no ring)
MPRegen  0.08/turn              (no ring)

@: mighty, attractive
A: claws 1, cold resistance 1, negative energy resistance 3, inhibited
regeneration, torment resistance, unbreathing
a: no special abilities


You were on level 4 of the Dungeon.
You visited 1 branch of the dungeon, and saw 3 of its levels.

You collected 124 gold pieces.

Inventory:

Hand Weapons
 a - a +0 long sword (weapon)
Missiles
 d - 3 throwing nets (quivered)
Armour
 c - a +0 helmet (worn)
 i - a +0 ring mail (worn)
Scrolls
 b - a scroll of magic mapping {unknown}
 e - 2 scrolls of blinking {unknown}
 f - 2 scrolls of remove curse {unknown}
 j - 2 scrolls of amnesia {unknown}
 l - a scroll of fear {unknown}
 p - 2 scrolls of identify {unknown}
Potions
 h - a potion of flight {unknown}
 k - a potion of cancellation
 m - a potion of curing {unknown}
 o - a potion of heal wounds {unknown}
 q - a potion of berserk rage {unknown}


   Skills:
 + Level 2.8 Fighting
 * Level 3.5 Long Blades
 - Level 1.7 Throwing
 * Level 1.9 Armour
 + Level 3.1 Dodging


You had 3 spell levels left.
You didn't know any spells.
Your spell library was empty.

Dungeon Overview and Level Annotations

Branches:
Dungeon (2/15)

Altars:
Dithmenos
Nemelex Xobeh
The Shining One


Innate Abilities, Weirdness & Mutations

You thrive by killing the living.
You are immune to poison.
You have sharp fingernails.
Your flesh is cold resistant. (rC+)
You are immune to negative energy. (rN+++)
You do not regenerate when monsters are visible.
You are immune to unholy pain and torment.
You can survive without breathing.


Message History

It was a potion of cancellation.
You feel magically purged.
You hear some strange, mumbled words.
A puff of frost appears from out of thin air!
The puff of frost misses you.
It was a potion of might.
You feel very mighty all of a sudden.
Something hits you but does no damage. x2
Okay, then.
You miss something.
Something hits you but does no damage. x2
You barely miss something. Something hits you but does no damage.
Something hits you.
You closely miss something.
You hear some strange, mumbled words.
A puff of flame appears from out of thin air!
The puff of flame hits you!
* * * LOW HITPOINT WARNING * * *
It was a potion of attraction.
You feel attractive to monsters. Something hits you.
You die... ..)........ ......... ........ ...... ##... #.l.. ##.... ogo

##..... #{#
##......
#####@#
##.......
##...#.#
##........
##.....(##
##.........
#........##
#..........
#.........##
#..........
##..........#
#..........
#...........#
#..........
#..........##
##.........
#..........##
##........


You could see a gnoll, 2 orcs and a leopard gecko.

Vanquished Creatures
  A worker ant (D:4)
  An adder (D:2)
  2 gnolls (D:4)
  2 leopard geckos (D:1)
  A ball python (D:1)
  6 giant cockroaches
  5 goblins
  3 hobgoblins
  5 jackals
  5 kobolds
  A quokka (D:2)
  A bat (D:2)
  5 frilled lizards
  2 rats (D:1)
40 creatures vanquished.

Notes
Turn   | Place    | Note
-------+----------+-------------------------------------------
     0 | D:1      | Borgoz the Ghoul Gladiator began the quest for the Orb.
     0 | D:1      | Reached XP level 1. HP: 17/17 MP: 0/0
   163 | D:1      | Reached XP level 2. HP: 25/25 MP: 1/1
   377 | D:1      | Found a glowing golden altar of the Shining One.
   417 | D:1      | Reached skill level 1 in Armour
   649 | D:1      | Reached XP level 3. HP: 17/30 MP: 2/2
  1054 | D:2      | Found a sparkling altar of Nemelex Xobeh.
  1174 | D:2      | Found a shadowy altar of Dithmenos.
  1301 | D:2      | You fall into a shaft and drop 2 floors!
  1314 | D:4      | Reached XP level 4. HP: 29/37 MP: 3/3
  1490 | D:4      | HP: 1/37 [something/puff of flame (12)]
  1491 | D:4      | Slain by an orc wizard

Illustrated notes

Levels and vault maps discovered:
D:1:      scummos_arrival_simple_fountains, layout_basic, tso_altar
D:2:      layout_loops_ring, old_standard_altar, grunt_dithmenos_smoke
D:4:      layout_cave_pods, grunt_temple_overflow_champion_of_chaos

Skill      XL: |  1  2  3 |
---------------+----------+-----
Long Blades    | 3 |  3.5
Armour         | 1 |  1.9
Dodging        | 3 |  3.1
Fighting       | |  2.8
Throwing       | |  1.7

Action                   |  1- 3 |  4- 6 || total
-------------------------+-------+-------++-------
Melee: Long sword        |   121 |    26 ||   147
  Use: Potion            |       |     4 ||     4
Armor: Leather armour    |     9 |       ||     9
       Ring mail         |    42 |    13 ||    55
Dodge: Dodged            |    97 |    14 ||   111
       Rpst.: Long sword |    29 |     5 ||    34
